 Dungeon Crawl Stone Soup version 0.16-a0-3661-g910cf96 (webtiles) character file.

145748 PolkaDot the Black Belt (level 16, 0/149 (152) HPs)
             Began as a Black Draconian Monk on Jan 17, 2015.
             Was the Champion of Ashenzari.
             Slain by a fire bat (3 damage)
             ... on level 1 of the Abyss.
             The game lasted 02:03:54 (33118 turns).

PolkaDot the Black Belt (Black Draconian Monk)     Turns: 33118, Time: 02:03:54

HP:   0/149 (152)   AC: 18    Str: 14    XL:     16   Next: 88%
MP:   23/23         EV: 20    Int: 17    God:    Ashenzari [******]
Gold: 1281          SH:  0    Dex: 14    Spells: 2 memorised, 7 levels left

rFire  . . .     SeeInvis +       - Unarmed
rCold  + + .     Clarity  +     (armour unavailable)
rNeg   . . .     SustAb   .     (no shield)
rPois  .         Gourm    .     (helmet restricted)
rElec  +         Spirit   .     x - +2 cloak (curse)
rCorr  .         Warding  .     m - +2 pair of gloves {rC+} (curse)
rMut   .         Stasis   .     k - +2 pair of boots (curse)
MR     ++...                    t - amulet of regeneration (curse)
Stlth  ++........               H - ring of wizardry (curse)
                                y - ring of protection from cold (curse)

@: about to teleport, flying, very resistant to hostile enchantments, unstealthy
A: breathe lightning, able to fly continuously, unfitting armour, big wings,
berserk 1, deformed body, magic resistance 1, sense surroundings 1, electricity
resistance, no device heal 1, cold-blooded, MP-powered wands 1, AC +9
a: Breathe Lightning, Stop Flying, Scrying, Transfer Knowledge, Renounce
Religion


You were on level 1 of the Abyss.
You worshipped Ashenzari.
Ashenzari was exalted by your worship.
You were not hungry.

You visited 4 branches of the dungeon, and saw 29 of its levels.
You visited the Abyss 1 time.
You also visited: Bailey and Ice Cave.

You collected 2191 gold pieces.
You spent 910 gold pieces at shops.

Inventory:

Missiles
 f - 2 throwing nets (quivered)
Armour
 k - a cursed +2 pair of boots (worn)
 m - a cursed +2 pair of gloves of cold resistance (worn)
 x - a cursed +2 cloak (worn)
Jewellery
 t - a cursed amulet of regeneration (around neck)
 y - a cursed ring of protection from cold (left hand)
 C - an uncursed ring of protection from fire
 H - a cursed ring of wizardry (right hand)
Magical devices
 o - a wand of slowing (5)
 u - a wand of disintegration (10)
 E - a wand of teleportation (4)
 N - a wand of draining (5)
 O - a wand of random effects (23)
 Q - a wand of digging (12)
 R - a wand of draining (6)
 T - a wand of cold (2)
Scrolls
 c - a scroll of curse jewellery
 d - 4 scrolls of curse armour
 e - 2 scrolls of amnesia
 g - 2 scrolls of blinking
 p - 9 scrolls of remove curse
 v - 4 scrolls of identify
 w - 2 scrolls of immolation
 z - 2 scrolls of silence
 A - 5 scrolls of teleportation
 B - a scroll of magic mapping
 F - 10 scrolls of recharging
Potions
 a - 2 potions of agility
 j - 6 potions of restore abilities
 q - a potion of brilliance
 D - a potion of lignification
 J - a potion of heal wounds
 M - a potion of magic
 S - a potion of resistance
 V - 2 potions of curing
 W - 2 potions of berserk rage
 Z - 4 potions of might
Books
 I - a book of the Sky

   Spells                             Type                      Level
   a - Flight                         Charms/Air                   3
   b - Airstrike                      Air                          4
   c - Silence                        Hexes/Air                    5
   d - Deflect Missiles               Charms/Air                   6
   e - Conjure Ball Lightning         Conjuration/Air              6
   f - Tornado                        Air                          9
 L - a Fen Folio

   Spells                             Type                      Level
   a - Corpse Rot                     Necromancy                   2
   b - Stone Arrow                    Conjuration/Earth            3
   c - Leda's Liquefaction            Hexes/Earth                  4
   d - Summon Forest                  Summoning/Translocation      5
   e - Hydra Form                     Transmutation                6
   f - Summon Hydra                   Summoning                    7
Miscellaneous
 K - a phial of floods
Comestibles
 b - 7 bread rations
 h - 12 meat rations
 i - 37 fruits
 l - 19 royal jellies
 n - 11 beef jerkies
 r - 8 slices of pizza


   Skills:
 + Level 16.3 Fighting
 - Level 10.1(12.9) Dodging
 - Level 1.7(3.9) Stealth
 * Level 18.7 Unarmed Combat
 + Level 3.6(7.7) Translocations
 - Level 14.3(18.4) Transmutations
 - Level 4.6(9.0) Evocations


You had 7 spell levels left.
You knew the following spells:

 Your Spells              Type           Power        Failure   Level  Hunger
a - Apportation           Tloc           ####......   1%          1    ##.....
d - Dragon Form           Trmt           ######....   6%          7    #######


Dungeon Overview and Level Annotations

Branches:
Dungeon (15/15)            Temple (1/1) D:6            Lair (8/8) D:10
  Swamp (5/5) Lair:4        Snake (0/5) Lair:5        Slime (0/6) Lair:6
    Orc (0/4) D:12         Vaults (0/5) D:13         Depths (0/5) D:15

Altars:
Ashenzari
Cheibriados
Dithmenos
Elyvilon
Fedhas
Gozag
Kikubaaqudgha
Makhleb
Nemelex Xobeh
Okawaru
Qazlal
Ru
Sif Muna
Trog
Vehumet
Xom
Yredelemnul
Zin
The Shining One
Jiyva

Shops:
D:4 !   D:7 (:%**   D:12 (   D:15 %


Innate Abilities, Weirdness & Mutations

You can breathe wild blasts of lightning.
You can fly continuously.
Your glossy black scales are hard (AC +9).
Your body does not fit into most forms of armour.
Your wings are large and strong.
You are resistant to electric shocks.
Your cold-blooded metabolism reacts poorly to cold.
You tend to lose your temper in combat.
Your body is misshapen.
You are resistant to hostile enchantments.
You passively map a small area around you.
Potions and wands are less effective at restoring your health.
You expend magic power (3 MP) to slightly strengthen your wands.


Message History

The large abomination hits you!!
* * * LOW HITPOINT WARNING * * *
Read which item? (? for menu, Esc to quit)
A powerful magic prevents control of your teleportation.
You blink.
As you read the scroll of blinking, it crumbles to dust.
Read which item? (? for menu, Esc to quit)
As you read the scroll of teleportation, it crumbles to dust.
You feel strangely unstable.
You feel the power of the Abyss delaying your translocation.
The fire bat bites you.
* * * LOW HITPOINT WARNING * * *
You are engulfed in flames!
* * * LOW HITPOINT WARNING * * *
The fire bat misses you. The fire bat bites you.
* * * LOW HITPOINT WARNING * * *
You are engulfed in flames!
* * * LOW HITPOINT WARNING * * *
The fire bat bites you.
You die...

,*, , ,, *,, , , ,
,, ,, , ,, ,,* ,, ,
,, ,, *, ,,, ,, *,,
,, ,, , , ,,, , ,,,
, , , , , , ,, ,,,
, , ,, *,* , , , ,
,,, , , ,, , ,*,
,**, ,, * * *** ,
#####,* * * ** ,,,
** * ***,#.@.## , ,
* ** , * *, *
#b##.#,,, ****, *
,* ,** ###....# *
*,, , ,, ,
**###.#3...#.##,,**
,*,*, , ,,
*#............. , ,
* ,,
*#.#...........,, ,
,, *, ∆*
#....X.......,,,,,
*** **
###.##......##,,,
,,* , * ,*
,#...##......##, ,
,, *


You could see a large abomination, a chaos spawn and a fire bat.

Vanquished Creatures
  Norris (Swamp:2)
  Rupert (Swamp:5)
  Frances (D:14)
  Wiglaf (Swamp:2)
  4 vault guards (D:13)
  4 centaur warriors
  17 hydras
  An ogre mage (D:15)
  Erica (Lair:8)
  12 death yaks (Lair:8)
  3 tengu warriors (D:15)
  7 alligators
  Urug (D:14)
  A deep troll shaman (Lair:8)
  2 catoblepae (Lair:8)
  A large abomination (Abyss:1)
  2 unseen horrors (D:12)
  An ice devil (IceCv)
  A skeletal warrior (D:15)
  A spriggan druid (Swamp:5)
  9 swamp dragons
  2 wizards
  3 shambling mangroves
  2 ice statues (IceCv)
  Pikel (D:6)
  3 hill giants
  29 ugly things
  A deep elf conjurer (D:15)
  6 manticores
  An orc sorcerer (D:15)
  2 cyclopes
  An oklob plant (Lair:7)
  3 orc knights
  2 griffons
  10 elephants
  A naga mage (D:15)
  3 black mambas
  25 spiny frogs
  A gargoyle (D:15)
  6 komodo dragons
  A kobold demonologist (D:12)
  5 yaktaurs (D:12)
  A fire drake (Lair:3)
  A tengu conjurer (D:13)
  9 blue devils (IceCv)
  A queen bee (Lair:4)
  3 polar bears
  10 trolls
  4 baby alligators (Swamp:1)
  8 giant leeches
  6 two-headed ogres
  12 slime creatures
  16 blink frogs
  4 bog bodies
  7 basilisks
  A boulder beetle (Lair:7)
  17 ravens
  A water elemental (D:12)
  2 wraiths
  A fire elemental (Lair:6)
  3 spriggans
  22 vampire mosquitoes
  3 deep elf magi
  13 hippogriffs
  46 yaks
  A wyvern (D:15)
  16 wolves
  2 hungry ghosts
  31 swamp worms
  A soldier ant (D:13)
  A naga (Lair:5)
  A warg (D:15)
  9 swamp drakes
  7 porcupines
  2 sky beasts
  9 orc warriors
  17 water moccasins
  8 ice beasts
  4 necrophages
  2 mottled dragons
  An eye of draining (D:12)
  The ghost of Tux the Skirmisher, an average HOFi (D:3)
  2 phantoms
  3 black bears
  5 wasps
  6 ogres
  2 boring beetles
  6 centaurs
  5 big kobolds
  19 crocodiles
  A wyvern zombie (D:12)
  A brain worm (Lair:8)
  8 giant frogs
  A wyvern skeleton (D:7)
  6 scorpions
  2 water moccasin zombies
  40 killer bees
  6 electric eels
  15 wights
  3 jellies
  2 giant frog zombies
  3 goliath beetles
  7 crimson imps
  6 centaur zombies
  2 lava snakes (Lair:6)
  A quasit (D:11)
  12 iguanas
  An iron imp (D:12)
  5 orc priests
  3 centaur skeletons
  4 giant frog skeletons
  15 hounds
  11 orc wizards
  13 worker ants
  25 sheep
  A mummy (D:11)
  A worker ant zombie (D:9)
  26 adders
  6 gnolls
  2 shadow imps
  5 white imps (IceCv)
  A giant mite (D:7)
  65 river rats
  5 worms
  8 ufetubi (IceCv)
  An adder skeleton (D:9)
  4 giant geckos
  2 oozes
  40 orcs
  2 ball pythons
  10 bats
  A bat skeleton (D:4)
  A bat zombie (D:5)
  4 giant cockroaches
  14 goblins
  19 hobgoblins
  42 kobolds
  15 quokkas
  2 giant gecko skeletons
  5 giant newts
  2 giant spores
  3 jackals
  A jackal skeleton (D:4)
  A quokka zombie (D:9)
  6 rats
  7 ballistomycetes
  A fungus (Lair:4)
  3 plants
1031 creatures vanquished.

Vanquished Creatures (collateral kills)
  A hill giant (D:12)
1 creature vanquished.

Vanquished Creatures (others)
  A raven (D:13)
  2 wights (D:7)
  A white imp (IceCv)
  3 ufetubi (IceCv)
  A giant gecko (D:6)
  A goblin (D:6)
  A bush (Lair:7)
  2 butterflies (Lair:8)
  8 fungi
  5 plants
25 creatures vanquished.

Grand Total: 1057 creatures vanquished

Notes
Turn   | Place    | Note
--------------------------------------------------------------
     0 | D:1      | PolkaDot, the Draconian Monk, began the quest for the Orb.
     0 | D:1      | Reached XP level 1. HP: 19/19 MP: 1/1
    86 | D:1      | Reached XP level 2. HP: 9/26 MP: 2/2
   792 | D:1      | Reached XP level 3. HP: 31/31 MP: 3/3
  1261 | D:2      | Found a shadowy altar of Dithmenos.
  1816 | D:2      | Reached XP level 4. HP: 13/40 MP: 4/4
  2049 | D:2      | Reached skill level 5 in Unarmed Combat
  2203 | D:3      | Found a shattered altar of Ashenzari.
  2209 | D:3      | Became a worshipper of Ashenzari the Shackled
  2209 | D:3      | Acquired Ashenzari's first power
  2564 | D:3      | Found an opulent altar of Gozag.
  2627 | D:3      | Reached XP level 5. HP: 39/46 MP: 5/5
  2694 | D:3      | Noticed Tux's ghost (average HOFi)
  2714 | D:3      | Killed Tux's ghost
  2866 | D:3      | Noticed a phantom
  3031 | D:3      | Noticed a sky beast
  3054 | D:3      | Killed a sky beast
  3054 | D:3      | Reached skill level 6 in Unarmed Combat
  3054 | D:3      | Reached XP level 6. HP: 40/53 MP: 6/6
  3059 | D:3      | Killed a phantom
  3447 | D:4      | Reached skill level 5 in Fighting
  3600 | D:4      | Your scales start taking on a glossy black colour.
  3600 | D:4      | Gained mutation: You are resistant to electric shocks. [draconian maturity]
  3600 | D:4      | Reached XP level 7. HP: 57/61 MP: 7/7
  3696 | D:4      | Found Qaguhianus' Distillery.
  4314 | D:5      | Entered Level 5 of the Dungeon
  4675 | D:5      | Reached skill level 7 in Unarmed Combat
  5171 | D:5      | Reached skill level 5 in Dodging
  5660 | D:5      | Reached XP level 8. HP: 70/70 MP: 8/8
  5731 | D:6      | Reached skill level 8 in Unarmed Combat
  5775 | D:6      | Noticed Pikel
  5781 | D:6      | Killed Pikel
  5828 | D:6      | Reached skill level 9 in Unarmed Combat
  5909 | D:6      | Found a staircase to the Ecumenical Temple.
  5917 | Temple   | Entered the Ecumenical Temple
  6329 | D:7      | Found Thruafaxai's Assorted Antiques.
  6342 | D:7      | Bought a dented zirconium amulet for 145 gold pieces
  6342 | D:7      | Bought a grey potion for 26 gold pieces
  6348 | D:7      | Gained mutation: You are dopey. (Int -2) [potion of mutation]
  6348 | D:7      | Gained mutation: Your body is misshapen. [potion of mutation]
  6348 | D:7      | Gained mutation: You evolve. [potion of mutation]
  6364 | D:7      | Found Qeoruliog's Food Emporium.
  6445 | D:7      | Found Shrolapy's Book Shop.
  6604 | D:7      | Reached XP level 9. HP: 76/79 MP: 9/9
  6636 | D:7      | Acquired Ashenzari's second power
  6662 | D:7      | Found Skaplah's Antique Weapon Boutique.
  6892 | D:7      | Found Neicsos' General Store.
  6895 | D:7      | Bought a scroll of identify for 24 gold pieces
  7593 | D:8      | Reached skill level 10 in Unarmed Combat
  8337 | D:8      | Noticed a three-headed hydra
  8363 | D:8      | Killed a three-headed hydra
  8363 | D:8      | Reached skill level 11 in Unarmed Combat
  8363 | D:8      | Reached XP level 10. HP: 35/90 MP: 10/10
  8957 | D:9      | Acquired Ashenzari's third power
  9032 | D:9      | Found a glowing golden altar of the Shining One.
  9033 | D:9      | Found a shimmering altar of Xom.
  9223 | D:9      | Found a snail-covered altar of Cheibriados.
  9532 | D:9      | Found an iron altar of Okawaru.
  9682 | D:10     | Entered Level 10 of the Dungeon
  9885 | D:10     | Reached skill level 12 in Unarmed Combat
  9969 | D:10     | Found a staircase to the Lair.
 10010 | D:10     | Gained mutation: You expend magic power (3 MP) to slightly strengthen your wands. [evolution]
 10150 | D:10     | Noticed a cyan ugly thing
 10175 | D:10     | Killed a cyan ugly thing
 10272 | D:10     | Reached XP level 11. HP: 72/97 MP: 11/11
 10837 | D:11     | Noticed an eight-headed hydra
 10972 | D:11     | Killed an eight-headed hydra
 10972 | D:11     | Reached skill level 10 in Fighting
 11067 | D:11     | Reached skill level 13 in Unarmed Combat
 11350 | D:11     | Gained mutation: You have large cloven feet. [evolution]
 11860 | D:11     | Paralysed by a wasp for 2 turns
 12100 | D:12     | Found a flagged portal.
 12109 | Bailey   | Entered a bailey
 12847 | D:12     | Noticed an unseen horror
 12878 | D:12     | Killed an unseen horror
 12902 | D:12     | Reached skill level 14 in Unarmed Combat
 12955 | D:12     | Reached XP level 12. HP: 71/105 MP: 7/12
 13077 | D:12     | Found Yhotamamn's Weapon Emporium.
 13079 | D:12     | Found a staircase to the Orcish Mines.
 13184 | D:12     | Noticed a hill giant
 13193 | D:12     | Killed a hill giant
 13458 | D:12     | Reached skill level 10 in Dodging
 13702 | D:12     | Noticed an unseen horror
 13714 | D:12     | Killed an unseen horror
 13740 | D:12     | Lost mutation: You evolve. [end of evolution]
 13840 | D:12     | Acquired Ashenzari's fourth power
 14015 | Lair:1   | Entered Level 1 of the Lair of Beasts
 14284 | Lair:1   | Reached skill level 1 in Evocations
 14392 | Lair:1   | Gained mutation: Your body is slowly deteriorating. [potion of mutation]
 14392 | Lair:1   | Gained mutation: Your tail ends in a poisonous barb. [potion of mutation]
 14750 | Lair:1   | Reached skill level 15 in Unarmed Combat
 15213 | D:7      | Bought a book of Transfigurations for 715 gold pieces
 15221 | D:7      | Learned a level 7 spell: Dragon Form
 15916 | Lair:2   | Reached skill level 1 in Transmutations
 16199 | Lair:2   | Gained mutation: You tend to lose your temper in combat. [potion of mutation]
 16199 | Lair:2   | Gained mutation: You can spit poison. [potion of mutation]
 16543 | Lair:3   | Noticed a seven-headed hydra
 16558 | Lair:3   | Killed a seven-headed hydra
 17421 | Lair:4   | Noticed a five-headed hydra
 17429 | Lair:4   | Killed a five-headed hydra
 17429 | Lair:4   | Reached XP level 13. HP: 70/115 MP: 20/20
 18819 | Lair:4   | Found a staircase to the Swamp.
 19004 | Lair:5   | Found a frozen archway.
 19012 | IceCv    | Entered an ice cave
 19909 | Lair:5   | Found a staircase to the Snake Pit.
 19986 | Lair:5   | Reached skill level 5 in Transmutations
 20111 | Lair:5   | Reached skill level 16 in Unarmed Combat
 20689 | Lair:6   | Found a viscous altar of Jiyva.
 20689 | Lair:6   | Found a staircase to the Slime Pits.
 22562 | Lair:7   | Gained mutation: Your wings are large and strong. [draconian growth]
 22562 | Lair:7   | Reached XP level 14. HP: 98/126 MP: 21/21
 22938 | Lair:8   | Entered Level 8 of the Lair of Beasts
 24945 | Lair:8   | Reached skill level 10 in Transmutations
 25496 | Lair:8   | Noticed Erica
 25532 | Lair:8   | Killed Erica
 26152 | D:13     | Gained mutation: Potions and wands are less effective at restoring your health. [mutagenic meat]
 26153 | D:13     | Gained mutation: Your magical capacity is low (-10% MP). [mutagenic meat]
 26237 | D:13     | Reached skill level 17 in Unarmed Combat
 26924 | D:13     | Found a gate to the Vaults.
 26934 | D:13     | Reached XP level 15. HP: 136/136 MP: 12/19
 27824 | D:14     | Noticed Urug
 27828 | D:14     | Killed Urug
 27881 | D:14     | Gained mutation: You are frail (-10% HP). [mutagenic meat]
 27882 | D:14     | Lost mutation: You are dopey. (Int -2) [mutagenic meat]
 27883 | D:14     | Gained mutation: You can spit moderately strong poison. [mutagenic meat]
 28218 | D:14     | Noticed Frances
 28269 | D:14     | Killed Frances
 28294 | D:15     | Entered Level 15 of the Dungeon
 28323 | D:15     | HP: 7/183 [centaur/arrow (4)]
 28328 | D:15     | HP: 9/183 [poisoned by an orc]
 28699 | D:15     | Lost mutation: You expend magic power (3 MP) to slightly strengthen your wands. [mutagenic meat]
 28700 | D:15     | Lost mutation: You are frail (-10% HP). [mutagenic meat]
 28877 | D:15     | Found Thakism's Food Shoppe.
 29159 | D:15     | Reached skill level 15 in Fighting
 29198 | D:15     | Lost mutation: Your tail ends in a poisonous barb. [mutagenic meat]
 29199 | D:15     | Gained mutation: You can spit strong poison. [mutagenic meat]
 29201 | D:15     | Lost mutation: Your magical capacity is low (-10% MP). [mutagenic meat]
 29202 | D:15     | Gained mutation: Your muscles are strong. (Str +2) [mutagenic meat]
 29203 | D:15     | Lost mutation: Your body is slowly deteriorating. [mutagenic meat]
 29204 | D:15     | Gained mutation: You passively map a small area around you. [mutagenic meat]
 29206 | D:15     | Gained mutation: You are resistant to hostile enchantments. [mutagenic meat]
 29208 | D:15     | Gained mutation: You expend magic power (3 MP) to slightly strengthen your wands. [mutagenic meat]
 29209 | D:15     | Gained mutation: You expend magic power (6 MP) to strengthen your wands. [mutagenic meat]
 29212 | D:15     | Lost mutation: You can spit strong poison. [mutagenic meat]
 29628 | D:15     | Found a shadowy altar of Dithmenos.
 29864 | D:15     | Found a staircase to the Depths.
 30244 | Swamp:1  | Entered Level 1 of the Swamp
 30387 | Swamp:1  | Found an opulent altar of Gozag.
 30513 | Swamp:1  | Reached XP level 16. HP: 133/146 MP: 23/23
 30868 | Swamp:2  | Noticed Wiglaf
 30890 | Swamp:2  | Killed Wiglaf
 31089 | Swamp:2  | Learned a level 1 spell: Apportation
 31090 | Swamp:2  | Noticed Norris
 31111 | Swamp:2  | Killed Norris
 31111 | Swamp:2  | Reached skill level 18 in Unarmed Combat
 31115 | Swamp:2  | Lost mutation: You have large cloven feet. [potion of cure mutation]
 31115 | Swamp:2  | Lost mutation: You can spit moderately strong poison. [potion of cure mutation]
 31115 | Swamp:2  | Lost mutation: Your muscles are strong. (Str +2) [potion of cure mutation]
 31115 | Swamp:2  | Lost mutation: You can spit poison. [potion of cure mutation]
 31115 | Swamp:2  | Lost mutation: You expend magic power (6 MP) to strengthen your wands. [potion of cure mutation]
 32232 | Swamp:4  | Reached skill level 1 in Translocations
 32726 | Swamp:5  | Entered Level 5 of the Swamp
 32838 | Swamp:5  | Noticed Rupert
 32843 | Swamp:5  | Killed Rupert
 33027 | Swamp:5  | Cast into the Abyss (the power of Zot)
 33027 | Abyss:1  | Found a corrupted altar of Lugonu.
 33117 | Abyss:1  | HP: 2/149 [fire bat (8)]
 33118 | Abyss:1  | Slain by a fire bat

Action                   |  1- 3 |  4- 6 |  7- 9 | 10-12 | 13-15 | 16-18 || total
-------------------------+-------+-------+-------+-------+-------+-------++-------
Melee: Unarmed           |   119 |   145 |   402 |  1171 |  1896 |   377 ||  4110
 Cast: Dragon Form       |       |       |       |       |    12 |    23 ||    35
 Abil: Breathe Lightning |       |       |     5 |    21 |    28 |       ||    54
       Evoke Flight      |       |       |       |     5 |       |       ||     5
       Stop Flying       |       |       |       |     1 |       |       ||     1
       Spit Poison       |       |       |       |       |     3 |       ||     3
       Fly               |       |       |       |       |     1 |     1 ||     2
Evoke: Wand              |       |       |       |    19 |     9 |       ||    28
       Phantom mirror    |       |       |       |     1 |       |       ||     1
  Use: Potion            |       |     7 |     8 |    11 |    11 |     1 ||    38
       Scroll            |       |       |    14 |    20 |    10 |     7 ||    51
 Stab: Sleeping          |     2 |     1 |     3 |    13 |     5 |       ||    24
       Invisible         |       |       |     2 |     3 |       |       ||     5
       Distracted        |       |       |       |     2 |     1 |       ||     3
       Petrifying        |       |       |       |       |     1 |       ||     1
  Eat: Chunk             |     2 |     7 |    12 |    34 |    76 |    31 ||   162
       Bread ration      |       |       |     2 |     1 |     2 |       ||     5
       Meat ration       |       |       |       |     1 |     4 |       ||     5
